 Dungeon Crawl Stone Soup version 0.27-a0-1196-g3e9cee4cb2 (webtiles) character file.

Game seed: 4478649010772745775

144 dickylongcocking the Magician (level 5, -3/40 HPs)
             Began as a Djinni Fire Elementalist on May 30, 2021.
             Slain by Edmund
             ... wielding a +2 dire flail of protection
              (9 damage)
             ... on level 4 of the Dungeon.
             The game lasted 00:03:20 (4904 turns).

dickylongcocking the Magician (DjFE)                Turns: 4904, Time: 00:03:21

Health: -3/40      AC:  2    Str:  7    XL:     5   Next: 51%
Gold:   157        EV: 12    Int: 17    God:
                   SH:  0    Dex: 14

rFire    + + +     SeeInvis .   e - staff of fire
rCold    x . .     Faith    .   (no shield)
rNeg     . . .     Spirit   .   a - +0 robe
rPois    ∞         Reflect  .   (no helmet)
rElec    .         Harm     .   (no cloak)
rCorr    +         Rampage  .   (no gloves)
Will     .....                  (boots unavailable)
Stlth    ++........             (no amulet)
HPRegen  0.13/turn              i - ring of resist corrosion
MPRegen  0.00/turn              (no ring)

@: flying, very slightly contaminated
A: sickness immunity, fire resistance 2, cold vulnerability 1, float, innate
caster, hp casting, extra vitality 1
a: no special abilities


You were on level 4 of the Dungeon.
You visited 1 branch of the dungeon, and saw 4 of its levels.

You collected 157 gold pieces.

Inventory:

Hand Weapons
 b - a +0 long sword
 c - a +1 vorpal hand axe
 f - a +0 whip of electrocution
Armour
 a - a +0 robe (worn)
Magical Staves
 e - a staff of fire (weapon)
Jewellery
 i - a ring of resist corrosion (left hand)
 k - a ring of willpower
 l - a ring of wizardry
Scrolls
 d - 5 scrolls of identify {unknown}
 g - a scroll of noise {unknown}
 n - a scroll of teleportation {unknown}
 s - a scroll of amnesia {unknown}
Potions
 h - a potion of cancellation {unknown}
 j - a potion of flight {unknown}
 m - a potion of heal wounds {unknown}
 o - a potion of brilliance {unknown}
 p - a potion of haste {unknown}
 q - 2 potions of attraction {unknown}
 r - a potion of might {unknown}


   Skills:
 * Level 2.9 Fighting
 - Level 2.3 Dodging
 - Level 1.6 Stealth
 * Level 3.6 Spellcasting


You couldn't memorise any spells.
You knew the following spells:

 Your Spells              Type           Power      Damage    Failure   Level
a - Foxfire               Conj/Fire      92%        2x1d8     3%          1
b - Conjure Flame         Conj/Fire      23%        6-21      11%         3
c - Inner Flame           Hex/Fire       23%        N/A       11%         3
d - Sticky Flame          Conj/Fire      23%        2d4       34%         4
e - Fireball              Conj/Fire      11%        3d7       69%         5
f - Apportation           Tloc           30%        N/A       3%          1
g - Static Discharge      Conj/Air       15%        N/A       5%          2
Your spell library was empty.

Dungeon Overview and Level Annotations

Branches:
Dungeon (4/15)
 Temple: D:4-7

Altars:
Cheibriados
Vehumet

Shops:
D:2 ?   D:3 =

Annotations:
D:4 Edmund


Innate Abilities, Weirdness & Mutations

You are immune to sickness and miasma.
You are immune to poison.
Your flesh is very heat resistant. (rF++)
You are vulnerable to cold. (rC-)
You float through the air rather than walking.
You learn spells naturally, not from books.
Your magical power is your life essence.
You have superior vitality. (+4 HP)


Message History

Confirm with . or Enter, or press ? or * to list all spells.
Okay, then.
Unknown command.
Unknown command.
Unknown command.
Casting: Foxfire (safe; 3% risk of failure)
Confirm with . or Enter, or press ? or * to list all spells.
You feel a surge of power!
You conjure some foxfire!
Unknown command.
Unknown command.
Casting: Foxfire (safe; 3% risk of failure)
Confirm with . or Enter, or press ? or * to list all spells.
The spell is extremely dangerous to cast (34% risk of failure)!
Continue anyway?
Aiming: Sticky Flame (extremely dangerous; 34% risk of failure)
Press: ? - help, Shift-Dir - straight line, f - Edmund
Aim: Edmund, wielding a +2 dire flail of protection and wearing a +0 scale mail (severely wounded, ally target, 100% to hit)
You feel a surge of power!
You miscast Sticky Flame.
You are very lightly contaminated with residual magic.
You are blasted with fire.
You resist.
* * * LOW HITPOINT WARNING * * *
x2 The foxfire hits Edmund but does no damage.
Edmund is severely wounded.
The foxfire hits Edmund but does no damage.
Edmund is severely wounded.
Edmund completely misses you.
Unknown command.
Casting: Sticky Flame (extremely dangerous; 34% risk of failure)
Confirm with . or Enter, or press ? or * to list all spells.
The spell is extremely dangerous to cast (34% risk of failure)!
Continue anyway?
Aiming: Sticky Flame (extremely dangerous; 34% risk of failure)
Press: ? - help, Shift-Dir - straight line, f/p - Edmund
Aim: Edmund, wielding a +2 dire flail of protection and wearing a +0 scale mail (severely wounded, 100% to hit)
You feel a surge of power!
The sticky flame hits Edmund but does no damage.
Edmund is severely wounded.
Edmund is covered in liquid flames!
* * * LOW HITPOINT WARNING * * *
Edmund burns!
Edmund hits you with a +2 dire flail of protection!
You die...

##### #...# #...#
#...########
#...@......#
#..@######.# #...# #.#
##.## ####.# #.# #....#
#.####.####
#.#.....###########
######.#.....##........#
#....#.#.....####.####.#


You could see Edmund (burning).

Vanquished Creatures
  An orc wizard (D:3)
  2 adders (D:3)
  A river rat (D:3)
  2 worms
  A dart slug (D:2)
  5 orcs (D:3)
  8 ball pythons
  6 endoplasms
  2 giant cockroaches
  7 goblins
  11 hobgoblins
  7 jackals
  3 quokkas
  8 bats
  2 frilled lizards (D:1)
  4 kobolds
  3 rats
73 creatures vanquished.

Vanquished Creatures (others)
  258 foxfires
258 creatures vanquished.

Grand Total: 331 creatures vanquished

Notes
Turn   | Place    | Note
-------+----------+-------------------------------------------
     0 | D:1      | dickylongcocking the Djinni Fire Elementalist began the
                  | quest for the Orb.
     0 | D:1      | Reached XP level 1. HP: 15/15 MP: 0/0
   249 | D:1      | Reached XP level 2. HP: 14/21 MP: 0/0
   410 | D:1      | Found a faded altar of an unknown god.
  1005 | D:1      | Reached XP level 3. HP: 23/26 MP: 0/0
  1005 | D:1      | Learned a level 1 spell: Apportation
  1071 | D:1      | Reached skill level 1 in Fighting
  1071 | D:1      | Reached skill level 3 in Spellcasting
  2107 | D:2      | Found Lefaddomn's Magic Scroll Shop.
  2373 | D:2      | Reached XP level 4. HP: 28/32 MP: 0/0
  3156 | D:2      | Found a snail-covered altar of Cheibriados.
  3880 | D:3      | Found Nofron's Jewellery Shop.
  3895 | D:3      | Reached XP level 5. HP: 26/39 MP: 0/0
  3895 | D:3      | Learned a level 2 spell: Static Discharge
  4842 | D:4      | Noticed Edmund
  4904 | D:4      | Slain by Edmund

Illustrated notes

Levels and vault maps discovered:
D:1:      lemuel_arrival_tunnels, layout_loops_ring, basic_ecumenical_altar
D:2:      layout_loops_ring, serial_shops, shop, basic_altar
D:3:      layout_loops_ring, lemuel_coloured_pillars_altar,
          portal_sewer_entry_a, serial_shops, shop
D:4:      layout_basic, serial_shops, shop, kennysheep_generic_room_8,
          uniq_edmund, uniq_pikel, uniq_sigmund

Skill      XL: |  1  2  3  4 |
---------------+-------------+-----
Fighting       | 1 2 |  2.9
Spellcasting   | 3 |  3.6
Dodging        | |  2.3
Stealth        | |  1.6

Action                   |  1- 3 |  4- 6 || total
-------------------------+-------+-------++-------
Melee: Long sword        |     2 |       ||     2
       Unarmed           |     1 |       ||     1
       Hand axe          |    23 |       ||    23
       Staff             |    12 |    20 ||    32
 Cast: Foxfire           |    68 |   124 ||   192
       Sticky Flame      |       |     2 ||     2
 Stab: Sleeping          |     2 |     1 ||     3
Armor: Robe              |     9 |    10 ||    19
Dodge: Dodged            |    63 |    34 ||    97
       Rpst.: Long sword |     1 |       ||     1

Table legend: (Time is in decaauts)
 A = Elapsed time spent in this place.
 B = Non-inter-level travel time spent in this place.
 C = Inter-level travel time spent in this place.
 D = Time resting spent in this place.
 E = Time spent auto-exploring this place.
 F = Levels seen in this place.
 G = Mean time per level.
                   A        B        C        D        E       F      G
               +--------+--------+--------+--------+--------+-----+--------+
         Total |   4915 |   4858 |     57 |      0 |   4256 |   4 | 1228.8 |
       Dungeon |   4915 |   4858 |     57 |      0 |   4256 |   4 | 1228.8 |
               +--------+--------+--------+--------+--------+-----+--------+

Top non-repeatable levels by time:
     D:1: 1826 daAuts
     D:2: 1627 daAuts
     D:3: 1293 daAuts
     D:4: 168 daAuts
